 Dungeon Crawl Stone Soup version 0.27-a0-797-g27d10ad80f (webtiles) character file.

Game seed: 2353924607576057008

6273 porpoise the Grappler (level 10, -2/102 HPs)
             Began as a Troll Hedge Wizard on Mar 27, 2021.
             Was a Believer of Dithmenos.
             Slain by an eight-headed hydra (9 damage)
             ... on level 10 of the Dungeon.
             The game lasted 00:25:46 (7514 turns).

porpoise the Grappler (Troll Hedge Wizard)          Turns: 7514, Time: 00:25:48

Health: -2/102     AC: 11    Str: 20    XL:     10   Next: 63%
Magic:  12/12      EV:  8    Int: 13    God:    Dithmenos [**....]
Gold:   278        SH:  0    Dex:  9    Spells: 12/13 levels left

rFire    . . .     SeeInvis .     - Unarmed
rCold    . . .     Faith    .   (no shield)
rNeg     . . .     Spirit   .   w - +0 swamp dragon scales
rPois    +         Reflect  .   c - +0 hat
rElec    .         Harm     .   y - +1 cloak
rCorr    .         Rampage  .   (gloves unavailable)
Will     .....                  (boots unavailable)
Stlth    +.........             (no amulet)
HPRegen  1.27/turn              (no ring)
MPRegen  0.13/turn              (no ring)

@: wreathed by umbra
A: large, unfitting armour, claws 3, regeneration 1, shaggy fur 1, tough skin 1
a: Renounce Religion, Shadow Step


You were on level 10 of the Dungeon.
You worshipped Dithmenos.
Dithmenos was pleased with you.
You visited 2 branches of the dungeon, and saw 11 of its levels.

You collected 439 gold pieces.
You spent 161 gold pieces at shops.

Inventory:

Hand Weapons
 b - a +0 hunting sling
Missiles
 e - 34 poisoned darts
 h - 6 atropa-tipped darts
 i - 6 large rocks (quivered)
 k - 66 sling bullets
 t - 8 curare-tipped darts
 x - 13 boomerangs
 B - 2 throwing nets
Armour
 c - a +0 hat (worn)
 w - +0 swamp dragon scales (worn)
 y - a +1 cloak (worn)
 A - a +0 kite shield
 F - +0 acid dragon scales
Magical Staves
 G - a staff of air
Jewellery
 p - an amulet of reflection
 r - a ring of magical power
 z - a ring of ice
Wands
 d - a wand of flame (13)
 s - a wand of digging (13)
 D - a wand of paralysis (3)
Scrolls
 a - 4 scrolls of teleportation
 f - a scroll of immolation
 l - 2 scrolls of blinking
 n - 2 scrolls of noise
 o - a scroll of fog
 q - 2 scrolls of identify
 C - 2 scrolls of silence
Potions
 g - 2 potions of resistance
 j - 2 potions of attraction
 m - a potion of invisibility
 u - 2 potions of ambrosia
 v - 2 potions of curing
 E - a potion of haste


   Skills:
 - Level 7.0 Fighting
 - Level 1.5 Dodging
 - Level 1.0 Stealth
 + Level 3.1 Shields
 + Level 12.8 Unarmed Combat
 - Level 2.0 Spellcasting
 - Level 0.6 Conjurations
 - Level 0.6 Summonings
 - Level 0.6 Translocations


You had 12 spell levels left.
You knew the following spells:

 Your Spells              Type           Power      Damage    Failure   Level
a - Magic Dart            Conj           8%         1d3       34%         1

Your spell library contained the following spells:

 Spells                   Type           Power      Damage    Failure   Level
 Animate Skeleton         Necr           2%         N/A       41%         1
 Pain                     Necr           4%         1d4       41%         1
 Blink                    Tloc           N/A        N/A       45%         2
 Call Imp                 Summ           2%         N/A       45%         2
 Slow                     Hex            1%         N/A       54%         2
 Gell's Gravitas          Tloc           1%         N/A       71%         3
 Conjure Flame            Conj/Fire      2%         6-21      75%         3
 Mephitic Cloud           Conj/Pois/Air  1%         N/A       77%         3
 Confusing Touch          Hex            1%         N/A       78%         3
 Vampiric Draining        Necr           0%         2d6       78%         3
 Animate Dead             Necr           0%         N/A       99%         4
 Petrify                  Tmut/Erth      1%         N/A       99%         4
 Agony                    Necr           1%         N/A       100%        5
 Metabolic Englaciation   Hex/Ice        0%         N/A       100%        5
 Yara's Violent Unravell  Hex/Tmut       0%         3d3       100%        5


Dungeon Overview and Level Annotations

Branches:
Dungeon (10/15)            Temple (1/1) D:5
   Lair: D:8-11         Orc: D:9-12

Altars:
Ashenzari
Cheibriados
Dithmenos
Elyvilon
Fedhas
Gozag
Hepliaklqana
Kikubaaqudgha
Makhleb
Nemelex Xobeh
Okawaru
Qazlal
Ru
Sif Muna
Trog
Uskayaw
Vehumet
Wu Jian
Xom
Yredelemnul
Zin
The Shining One

Shops:
D:4 (   D:7 [


Innate Abilities, Weirdness & Mutations

You are too large for most types of armour.
You have claws for hands.
Your natural rate of healing is unusually fast.
You are covered in fur. (AC +1)
You have tough skin. (AC +1)


Message History

The eight-headed hydra bites you but does no damage.
The eight-headed hydra closely misses you.
The eight-headed hydra bites you but does no damage.
The eight-headed hydra bites you! The eight-headed hydra bites you. x2
The eight-headed hydra bites you but does no damage. x2
The eight-headed hydra closely misses you.
The eight-headed hydra barely misses you.
The eight-headed hydra closely misses you.
The eight-headed hydra bites you! The eight-headed hydra bites you.
The eight-headed hydra bites you!
Throw: 7 large rocks
Press: ? - help, Q - select action, (/) - cycle Shift-Dir - straight line, f/p - eight-headed hydra
Aim: an eight-headed hydra (moderately wounded, umbra, 77% to hit)
You throw a large rock.
The large rock hits the eight-headed hydra!
The eight-headed hydra is heavily wounded.
The eight-headed hydra bites you!
* * * LOW HITPOINT WARNING * * *
The eight-headed hydra closely misses you.
The eight-headed hydra barely misses you.
The eight-headed hydra bites you but does no damage.
The eight-headed hydra completely misses you.
The eight-headed hydra bites you.
* * * LOW HITPOINT WARNING * * *
The eight-headed hydra barely misses you.
The eight-headed hydra bites you but does no damage.
The eight-headed hydra bites you!
* * * LOW HITPOINT WARNING * * *
The eight-headed hydra bites you.
* * * LOW HITPOINT WARNING * * *
The eight-headed hydra closely misses you.
The eight-headed hydra bites you but does no damage.
The eight-headed hydra bites you.
* * * LOW HITPOINT WARNING * * *
The eight-headed hydra bites you.
* * * LOW HITPOINT WARNING * * *
The eight-headed hydra bites you.
* * * LOW HITPOINT WARNING * * *
The eight-headed hydra bites you!
You die...

.......... ............
###########8.8#........
#.............#........
#..........8.8#####....
#.....?......... #....
#.............. #...#
#......D..#...###+#...#
...######@####...........#
#........................#
#.######.................#
#.................#
#.................#
#..................
#..................
#.<................
#....#############.


You could see an eight-headed hydra.

Vanquished Creatures
  Harold (D:7)
  A two-headed ogre (D:9)
  A cyclops (D:6)
  Maggie (D:6)
  Sigmund (D:3)
  A shadow (D:9)
  5 wraiths (D:9)
  An acid dragon (D:9)
  Duvessa (D:7)
  A sky beast (D:6)
  4 ogres
  An orc warrior (D:9)
  3 centaurs
  2 phantoms
  3 wyvern zombies
  4 bullfrogs
  Dowan (D:7)
  A water moccasin zombie (D:6)
  4 scorpions
  4 killer bees (D:9)
  9 wights
  5 howler monkeys
  4 hounds
  A bullfrog skeleton (D:7)
  An orc priest (D:7)
  2 centaur skeletons
  2 jellies (D:5)
  Terence (D:3)
  4 iguanas
  6 orc wizards
  A killer bee zombie (D:6)
  A hound skeleton (D:5)
  2 howler monkey zombies
  6 adders
  2 shadow imps (D:6)
  2 white imps
  2 worms
  A dart slug (D:2)
  20 orcs
  4 endoplasms
  2 giant cockroaches
  4 goblins
  7 hobgoblins
  8 jackals
  A quokka (D:3)
  6 ball pythons
  5 bats
  A frilled lizard (D:1)
  2 kobolds (D:1)
  2 rats (D:1)
155 creatures vanquished.

Notes
Turn   | Place    | Note
-------+----------+-------------------------------------------
     0 | D:1      | porpoise the Troll Hedge Wizard began the quest for the
                  | Orb.
     0 | D:1      | Reached XP level 1. HP: 16/16 MP: 2/2
    24 | D:1      | Reached skill level 1 in Unarmed Combat
    62 | D:1      | Reached XP level 2. HP: 25/26 MP: 4/4
   763 | D:2      | Reached skill level 1 in Fighting
   763 | D:2      | Reached skill level 2 in Unarmed Combat
   763 | D:2      | Reached XP level 3. HP: 33/33 MP: 5/5
   781 | D:2      | Noticed a scorpion
   790 | D:2      | Killed a scorpion
   791 | D:2      | Reached skill level 3 in Unarmed Combat
   791 | D:2      | Reached XP level 4. HP: 25/41 MP: 6/6
  1210 | D:3      | Noticed Terence
  1222 | D:3      | Killed Terence
  1947 | D:3      | Reached XP level 5. HP: 49/49 MP: 7/7
  2102 | D:3      | Noticed Sigmund
  2115 | D:3      | Killed Sigmund
  2116 | D:3      | Reached skill level 4 in Unarmed Combat
  2116 | D:3      | Reached XP level 6. HP: 33/59 MP: 8/8
  2350 | D:4      | Reached skill level 5 in Unarmed Combat
  2796 | D:4      | Found a sacrificial altar of Ru.
  2968 | D:4      | Found Hekh's Weapon Shoppe.
  3191 | D:5      | Entered Level 5 of the Dungeon
  3191 | D:5      | Found a staircase to the Ecumenical Temple.
  3196 | D:5      | Reached skill level 6 in Unarmed Combat
  3196 | D:5      | Reached XP level 7. HP: 67/67 MP: 9/9
  3468 | D:5      | Reached skill level 7 in Unarmed Combat
  3767 | D:5      | Reached XP level 8. HP: 75/78 MP: 10/10
  3960 | Temple   | Entered the Ecumenical Temple
  4268 | Temple   | Became a worshipper of Dithmenos the Shadowed
  4376 | D:6      | Reached skill level 8 in Unarmed Combat
  4522 | D:6      | Noticed Maggie
  4534 | D:6      | Killed Maggie
  4535 | D:6      | Reached skill level 5 in Fighting
  4566 | D:6      | Reached skill level 9 in Unarmed Combat
  4568 | D:6      | Noticed a cyclops
  4585 | D:6      | Killed a cyclops
  4586 | D:6      | Reached XP level 9. HP: 83/88 MP: 11/11
  5078 | D:6      | Reached * piety under Dithmenos
  5100 | D:6      | Reached skill level 10 in Unarmed Combat
  5248 | D:7      | Found Ymygeps's Armour Shop.
  5252 | D:7      | Noticed Duvessa
  5252 | D:7      | Noticed Dowan
  5275 | D:7      | Killed Duvessa
  5287 | D:7      | Killed Dowan
  5348 | D:7      | Bought a +1 cloak for 161 gold pieces
  5564 | D:7      | Noticed Harold
  5575 | D:7      | Killed Harold
  5576 | D:7      | Reached skill level 11 in Unarmed Combat
  5766 | D:7      | Found a shimmering blue altar of Sif Muna.
  6129 | D:8      | Identified the +5 short sword "Kukk" {freeze, Stlth+}
  6345 | D:8      | Found a bloodstained altar of Trog.
  6360 | D:8      | Reached XP level 10. HP: 84/96 MP: 12/12
  6481 | D:8      | Reached ** piety under Dithmenos
  6730 | D:9      | Noticed a two-headed ogre
  6742 | D:9      | Killed a two-headed ogre
  6743 | D:9      | Reached skill level 1 in Shields
  6743 | D:9      | Reached skill level 12 in Unarmed Combat
  7167 | D:9      | Paralysed by an orc warrior for 5 turns
  7178 | D:9      | Paralysed by an orc warrior for 4 turns
  7325 | D:9      | Found the +5 scythe "Finisher" {speed, eviscerate}
  7471 | D:10     | Entered Level 10 of the Dungeon
  7511 | D:10     | Noticed an eight-headed hydra
  7514 | D:10     | Slain by an eight-headed hydra

Illustrated notes

Levels and vault maps discovered:
D:1:      wander_arrival_peaceful_grave, layout_rooms
D:2:      layout_basic
D:3:      layout_loops_corners, uniq_sigmund, uniq_terence
D:4:      layout_basic, serial_shops, shop_coins, grunt_decor_junction,
          nicolae_ru_awakened_eye
D:5:      layout_rooms, minmay_temple_entry_junction_2
D:6:      layout_loops_ring, minmay_misc_feat_diagonals, minmay_three_doors,
          uniq_maggie
D:7:      layout_cave_pools, led_sif_book, serial_shops, shop_statue,
          uniq_harold, uniq_duvessa
D:8:      layout_cave_pools, basic_altar, minmay_crystal_water
D:9:      layout_rooms, wad_floor_pattern_1, minmay_guarded_unrand_finisher
D:10:     layout_irregular_city, enter_bailey_5, serial_column_ruins,
          column_ruins_hut_pillars, column_ruins_open_tiny,
          column_ruins_corridor_straight, column_ruins_open_medium_water,
          column_ruins_columns_water, column_ruins_grid_1,
          column_ruins_open_tiny
Temple:   nicolae_temple_the_god_donut

Skill      XL: |  1  2  3  4  5  6  7  8  9 10 |
---------------+-------------------------------+-----
Unarmed Combat | 1 2 3 4 6 7 9 11 12 | 12.8
Fighting       | 1 2 3 4 5 6 7 |  7.0
Shields        | 3 |  3.1
Dodging        | |  1.5
Stealth        | |  1.0
Spellcasting   | |  2.0
Conjurations   | |  0.6
Summonings     | |  0.6
Translocations | |  0.6

Action                   |  1- 3 |  4- 6 |  7- 9 | 10-12 || total
-------------------------+-------+-------+-------+-------++-------
Melee: Unarmed           |    63 |    88 |   202 |    91 ||   444
       Punch             |       |     4 |     6 |     3 ||    13
 Fire: Hunting sling     |       |    19 |   124 |    36 ||   179
Throw: Large rock        |       |       |       |     2 ||     2
Evoke: Wand              |       |       |       |     1 ||     1
  Use: Scroll            |       |     5 |     7 |     3 ||    15
       Potion            |       |     1 |     2 |     1 ||     4
Armor: Robe              |    31 |    21 |    37 |       ||    89
       Swamp dragon scal |       |       |    68 |    55 ||   123
Dodge: Dodged            |    42 |    37 |   130 |    48 ||   257

Table legend: (Time is in decaauts)
 A = Elapsed time spent in this place.
 B = Non-inter-level travel time spent in this place.
 C = Inter-level travel time spent in this place.
 D = Time resting spent in this place.
 E = Time spent auto-exploring this place.
 F = Levels seen in this place.
 G = Mean time per level.
                   A        B        C        D        E       F      G
               +--------+--------+--------+--------+--------+-----+--------+
         Total |   7426 |   7000 |    426 |   1251 |   4391 |  11 |  675.1 |
       Dungeon |   7112 |   6744 |    368 |   1251 |   4138 |  10 |  711.2 |
        Temple |    313 |    255 |     58 |      0 |    253 |   1 |  313.0 |
               +--------+--------+--------+--------+--------+-----+--------+

Top non-repeatable levels by time:
     D:3: 962 daAuts
     D:7: 847 daAuts
     D:4: 845 daAuts
     D:9: 803 daAuts
     D:6: 803 daAuts
     D:5: 784 daAuts
     D:2: 730 daAuts
     D:8: 651 daAuts
     D:1: 639 daAuts
  Temple: 313 daAuts
    D:10: 43 daAuts
